 Dungeon Crawl Stone Soup version 0.20.1-1-g8b1a95d (webtiles) character file.

1567 letownia2 the Reanimator (level 8, -5/64 HPs)
             Began as a Deep Dwarf Necromancer on Oct 29, 2017.
             Was an Initiate of Gozag.
             Slain by Joseph
             ... wielding a +3 quarterstaff of speed
              (7 damage)
             ... on level 7 of the Dungeon.
             The game lasted 00:19:44 (7752 turns).

letownia2 the Reanimator (Deep Dwarf Necromancer)   Turns: 7752, Time: 00:19:45

Health: -5/64      AC: 11    Str: 13    XL:     8   Next: 59%
Magic:  1/18       EV: 10    Int: 17    God:    Gozag
Gold:   862        SH:  0    Dex: 13    Spells: 16/20 levels left

rFire    . . .     SeeInvis .   a - +10 mace "Wostes" {crush, +Fly MR++}
rCold    . . .     Gourm    .   (no shield)
rNeg     + . .     Faith    .   y - +0 scale mail
rPois    .         Spirit   .   (no helmet)
rElec    .         Reflect  .   (no cloak)
rCorr    .         Harm     .   (no gloves)
MR       +++..                  B - +0 pair of boots
Stlth    +.........             (no amulet)
Regen    0.0/turn               f - +4 ring of protection
MPRegen  0.2/turn               S - ring of positive energy

@: very slightly contaminated, non-regenerating
A: damage resistance, heal wounds, sense surroundings 1, no regeneration
a: Heal Wounds, Potion Petition, Call Merchant, Bribe Branch, Renounce Religion,
Evoke Flight


You were on level 7 of the Dungeon.
You worshipped Gozag.
Gozag was pleased with you.
You were not hungry.

You visited 2 branches of the dungeon, and saw 8 of its levels.
You also visited: Sewer.

You collected 935 gold pieces.
You paid 73 gold pieces to Gozag.

Inventory:

Hand Weapons
 a - the +10 mace "Wostes" (weapon) {crush, +Fly MR++}
   (You found it on level 5 of the Dungeon)

   It inflicts extra damage upon your enemies.
   It affects your resistance to hostile enchantments.
   It lets you fly.
 b - a +0 hand axe of electrocution
 c - a +0 blowgun
 o - a +0 short sword of venom
 F - a +2 dagger of speed
Missiles
 i - 23 poisoned needles
 x - 3 javelins (quivered)
 R - a throwing net
Armour
 y - a +0 scale mail (worn)
 B - a +0 pair of boots (worn)
 C - a +2 leather armour of magic resistance
 H - the +0 leather armour of Absolutism {rC+ MR+ rCorr Dex-5}
   (You found it on level 5 of the Dungeon)

   It affects your dexterity (-5).
   It protects you from cold.
   It affects your resistance to hostile enchantments.
   It protects you from acid and corrosion.
 N - a +2 leather armour of fire resistance
Jewellery
 f - a +4 ring of protection (left hand)
 L - an uncursed ring of protection from cold
 S - a ring of positive energy (right hand)
Wands
 j - a wand of digging (14/24)
 M - a wand of iceblast (6/15)
Scrolls
 e - 3 scrolls of remove curse
 g - a scroll of recharging {unknown}
 k - 2 scrolls of amnesia {unknown}
 l - a scroll of brand weapon {unknown}
 z - 5 scrolls of identify
 A - 3 scrolls of teleportation {unknown}
 D - a scroll of enchant armour {unknown}
 E - 2 scrolls of enchant weapon {unknown}
 G - a scroll of blinking {unknown}
 J - a scroll of magic mapping {unknown}
 K - 2 scrolls of fear {unknown}
 O - a scroll of immolation {unknown}
 Q - 2 scrolls of fog {unknown}
Potions
 m - a potion of ambrosia
 q - a potion of resistance {unknown}
 r - a potion of agility {unknown}
 s - 4 potions of heal wounds
 t - 2 potions of flight
 u - 2 potions of might
 v - a potion of brilliance
 T - a potion of curing
Books
 h - a book of Air

   Spells                             Type                      Level
   a - Shock                          Conjuration/Air              1
   b - Swiftness                      Charms/Air                   2
   c - Static Discharge               Conjuration/Air              3
   d - Airstrike                      Air                          4
   e - Lightning Bolt                 Conjuration/Air              5
 I - a book of Necromancy

   Spells                             Type                      Level
   a - Pain                           Necromancy                   1
   b - Animate Skeleton               Necromancy                   1
   c - Vampiric Draining              Necromancy                   3
   d - Regeneration                   Charms/Necromancy            3
   e - Animate Dead                   Necromancy                   4
   f - Control Undead                 Necromancy                   4
Comestibles
 d - 2 meat rations
 P - 2 fruits


   Skills:
 - Level 1.0 Fighting
 - Level 0.9 Axes
 - Level 2.8 Armour
 - Level 2.8 Dodging
 - Level 2.4 Stealth
 + Level 6.7 Spellcasting
 - Level 8.2 Necromancy
 + Level 1.8 Evocations


You had 16 spell levels left.
You knew the following spells:

 Your Spells              Type           Power        Failure   Level  Hunger
a - Pain                  Necr           ####         1%          1    None
v - Vampiric Draining     Necr           ####......   5%          3    ##.....


Dungeon Overview and Level Annotations

Branches:
Dungeon (7/15)             Temple (1/1) D:5

Altars:
Ashenzari
Elyvilon
Fedhas
Gozag
Hepliaklqana
Makhleb
Okawaru
Qazlal
Sif Muna
Trog
Uskayaw
Xom
Yredelemnul
Zin
The Shining One

Shops:
D:4 *

Annotations:
D:3 1 exclusion
D:6 Pikel
D:7 Joseph; ak87's ghost, novice DgTm


Innate Abilities, Weirdness & Mutations

You are resistant to damage.
You can heal yourself by infusing magical energy.
You passively map a small area around you.
You do not regenerate.


Message History

Aiming: Vampiric Draining
Press: ? - help, Shift-Dir - straight line, f/p - Joseph
Aim: Joseph, wielding a quarterstaff of speed, wearing a shiny ring mail and carrying a wand of acid (?/15) {zapped: 2} (severely wounded) Joseph is almost dead.
You feel life coursing into your body.
Joseph hits you with an uncursed quarterstaff of speed!
* * * LOW HITPOINT WARNING * * *
Unknown command.
You hit Joseph but do no damage.
Joseph is almost dead.
Joseph hits you with an uncursed quarterstaff of speed.
* * * LOW HITPOINT WARNING * * *
Joseph hits you with an uncursed quarterstaff of speed!
* * * LOW HITPOINT WARNING * * *
Unknown command.
You sock Joseph!
Joseph is almost dead.
Joseph hits you with an uncursed quarterstaff of speed!
You die...
Your body crumbles into a pile of gold.

..## ###....# ,.#** *
.[.#####......## .#
##..##.........## ..# ,
##......##.....## #..#
*
##...####......##...###
, #####
##...#...(.....#
#...###...###...@
##...###@.## .*
#....##.@## *
##...#....### *
#...........# *
#...............
#........###....
##.......# * ... #####
##......# *## ##..#
##....## ...## ##...# *


You could see Joseph.

Vanquished Creatures
  Duvessa (D:6)
  A water moccasin (D:5)
  3 slaves
  A black bear (D:7)
  2 ogres
  3 big kobolds (Sewer)
  A bullfrog (D:7)
  Dowan (D:6)
  A hound (D:6)
  2 orc priests
  A centaur skeleton (D:6)
  An iguana (D:6)
  8 orc wizards
  4 worker ants
  A hound zombie (D:5)
  A hound skeleton (D:4)
  3 gnolls (D:4)
  7 adders
  2 river rats (D:3)
  A shadow imp (D:7)
  An ooze (D:6)
  An adder zombie (D:5)
  4 adder skeletons
  2 worms
  A dart slug (D:2)
  2 leopard geckos
  29 orcs
  7 bats
  7 giant cockroaches
  7 goblins
  8 hobgoblins
  6 jackals
  8 quokkas
  5 ball pythons
  7 frilled lizards
  A jackal skeleton (D:5)
  16 kobolds
  13 rats
170 creatures vanquished.

Notes
Turn   | Place    | Note
-------+----------+-------------------------------------------
     0 | D:1      | letownia2 the Deep Dwarf Necromancer began the quest for the Orb.
     0 | D:1      | Reached XP level 1. HP: 15/15 MP: 3/3
   360 | D:2      | Found a faded altar of an unknown god.
   455 | D:3      | Reached XP level 2. HP: 14/22 MP: 0/5
   642 | D:3      | Reached skill level 5 in Necromancy
   642 | D:3      | Reached XP level 3. HP: 16/28 MP: 0/7
   676 | D:3      | Learned a level 3 spell: Vampiric Draining
   912 | D:3      | Reached XP level 4. HP: 27/36 MP: 2/8
   960 | D:3      | Found a glowing drain.
   980 | Sewer    | Entered a sewer
  1109 | Sewer    | Noticed a big kobold
  1131 | Sewer    | Killed a big kobold
  1131 | Sewer    | Reached skill level 6 in Necromancy
  1131 | Sewer    | Reached XP level 5. HP: 26/42 MP: 2/9
  1322 | Sewer    | Reached skill level 7 in Necromancy
  1339 | Sewer    | Reached XP level 6. HP: 38/49 MP: 0/10
  1906 | D:4      | Reached skill level 8 in Necromancy
  1991 | D:4      | Reached skill level 1 in Armour
  2347 | D:4      | Found Vuddaiq's Assorted Antiques.
  2541 | D:5      | Entered Level 5 of the Dungeon
  2634 | D:5      | Found a staircase to the Ecumenical Temple.
  2642 | Temple   | Entered the Ecumenical Temple
  2669 | Temple   | Became a worshipper of Gozag Ym Sagoz the Greedy
  2784 | D:5      | Got an ichor-stained mace
  2785 | D:5      | Identified the +10 mace "Wostes" {crush, +Fly MR++} (You found it on level 5 of the Dungeon)
  2830 | D:5      | Reached XP level 7. HP: 35/55 MP: 5/11
  2987 | D:5      | Got a scorched leather armour
  2998 | D:5      | Identified the cursed +0 leather armour of Absolutism {rC+ MR+ rCorr Dex-5} (You found it on level 5 of the Dungeon)
  3584 | D:2      | Reached skill level 1 in Fighting
  5238 | D:6      | Noticed Duvessa
  5240 | D:6      | Noticed Dowan
  5685 | D:5      | Reached skill level 5 in Spellcasting
  5685 | D:5      | Reached XP level 8. HP: 47/64 MP: 7/15
  5855 | D:6      | Killed Dowan
  5860 | D:6      | Killed Duvessa
  5993 | D:6      | Noticed Pikel
  6873 | D:7      | Noticed ak87's ghost (novice DgTm)
  7093 | D:6      | Reached skill level 1 in Evocations
  7733 | D:7      | Noticed Joseph
  7751 | D:7      | HP: 2/64 [Joseph/uncursed quarterstaff of speed (4)]
  7752 | D:7      | Slain by Joseph

Skill      XL: |  1  2  3  4  5  6  7  8 |
---------------+-------------------------+-----
Spellcasting   | 2 3 5 6 |  6.7
Necromancy     | 5 6 7 8 |  8.2
Armour         | 1 2 |  2.8
Fighting       | 1 |  1.0
Evocations     | 1 |  1.8
Axes           | |  0.9
Dodging        | |  2.8
Stealth        | |  2.4

Action                   |  1- 3 |  4- 6 |  7- 9 || total
-------------------------+-------+-------+-------++-------
Melee: Unarmed           |     9 |       |       ||     9
       Dagger            |    14 |    62 |       ||    76
       Mace              |       |       |   113 ||   113
 Fire: Blowgun           |       |     6 |       ||     6
Throw: Tomahawk          |       |       |     2 ||     2
 Cast: Pain              |    34 |    75 |    93 ||   202
       Vampiric Draining |     6 |    11 |    57 ||    74
  Use: Scroll            |       |       |     2 ||     2
       Potion            |       |       |     8 ||     8
 Stab: Sleeping          |       |     2 |     1 ||     3
  Eat: Chunk             |     1 |     6 |     3 ||    10
       Bread ration      |       |       |     3 ||     3
       Royal jelly       |       |       |     2 ||     2
       Fruit             |       |       |     1 ||     1
Armor: Robe              |     2 |       |       ||     2
       Leather armour    |     4 |     5 |     2 ||    11
       Ring mail         |       |    16 |    10 ||    26
       Scale mail        |       |       |    97 ||    97
Dodge: Dodged            |    34 |    50 |   111 ||   195
